 Dungeon Crawl Stone Soup version 0.28-a0-683-ga8797d1ae1 (webtiles) character file.

Game seed: 13264747649396670448

66 AttackTheMoon the Poker (level 4, 0/35 HPs)
             Began as a Merfolk Gladiator on Oct 18, 2021.
             Slain by a kobold brigand (2 damage)
             ... in a sewer.
             The game lasted 00:03:19 (2381 turns).

AttackTheMoon the Poker (Merfolk Gladiator)         Turns: 2381, Time: 00:03:19

Health: 0/35       AC:  5    Str: 15    XL:     4   Next: 15%
Magic:  4/4        EV: 13    Int:  7    God:
Gold:   108        SH:  0    Dex: 15    Spells: 3/3 levels left

rFire   . . .      SeeInvis .   a - +0 trident
rCold   . . .      Faith    .   (no shield)
rNeg    . . .      Spirit   .   b - +0 leather armour
rPois   .          Reflect  .   c - +1 helmet
rElec   .          Harm     .   (no cloak)
rCorr   .          Rampage  .   (no gloves)
Will    .....                   (no boots)
Stlth   +.........              (no amulet)
HPRegen 0.11/turn               (no ring)
MPRegen 0.09/turn               (no ring)

@: brilliant
A: (nimble swimmer 2), mertail
a: no special abilities


You were in a sewer.
You visited 1 branch of the dungeon, and saw 3 of its levels.
You also visited: Sewer.

You collected 108 gold pieces.

Inventory:

Hand Weapons
 a - a +0 trident (weapon)
Missiles
 d - 3 throwing nets (quivered)
Armour
 b - a +0 leather armour (worn)
 c - a +1 helmet (worn)
Scrolls
 f - a scroll of identify
Potions
 j - a potion of mutation {unknown}


   Skills:
 + Level 3.2 Fighting
 + Level 5.4 Polearms
 - Level 2.0 Throwing
 + Level 5.0 Dodging


You had 3 spell levels left.
You didn't know any spells.
Your spell library was empty.

Dungeon Overview and Level Annotations

Branches:
Dungeon (3/15)              Sewer (1/1)

Altars:
Ru


Innate Abilities, Weirdness & Mutations

((You are quick and stealthy near water. (Stealth+, EV+, Speed+++)))
Your lower body shifts to a powerful aquatic tail in water.


Message History

The kobold brigand is lightly wounded.
Your adder barely misses the kobold.
The kobold brigand hits you with a +0 short sword.
The kobold hits you but does no damage.
Your frilled lizard bites the kobold brigand but does no damage.
Your adder closely misses the kobold.
The kobold closely misses your adder.
You hit the kobold brigand.
The kobold brigand is moderately wounded.
The kobold brigand hits you with a +0 short sword.
Your adder bites the kobold.
The kobold hits you with a +0 short sword.
Your frilled lizard bites the kobold brigand but does no damage.
The kobold misses your adder.
You barely miss the kobold brigand.
The kobold brigand is moderately wounded.
The kobold brigand hits you with a +0 short sword.
Your adder completely misses the kobold.
The kobold hits you with a +0 short sword.
The kobold closely misses your adder.
The kobold brigand hits you with a +0 short sword.
You puncture the kobold brigand!
The kobold brigand is heavily wounded.
Your adder misses the kobold. The kobold hits you but does no damage.
Your adder bites the kobold.
The kobold dies!
The kobold brigand hits you with a +0 short sword!
* * * LOW HITPOINT WARNING * * *
It was a potion of cancellation.
You feel magically purged.
Your adder barely misses the kobold brigand.
The kobold hits you with a +0 short sword.
* * * LOW HITPOINT WARNING * * *
Your frilled lizard closely misses the kobold brigand.
The kobold brigand hits you with a +0 short sword.
* * * LOW HITPOINT WARNING * * *
It was a potion of brilliance.
You feel clever all of a sudden.
Your adder misses the kobold brigand. The kobold barely misses you.
Your frilled lizard barely misses the kobold brigand.
The kobold brigand hits you with a +0 short sword.
You die...

######
#....#
#?∩!.#
#.?).#
#KKS)#
##@l##
#S≈..###
#≈≈≈...#
#≈.≈...##
#.......#
#≈......#
#≈......#
#P≈P....##
≈#≈≈≈.....#


You could see a kobold brigand (ally target), a kobold (ally target), a friendly
adder (summoned), a friendly ball python (summoned) and a friendly frilled
lizard (summoned).

Vanquished Creatures
  A hound skeleton (D:3)
  An adder (D:2)
  A worm (D:3)
  A dart slug (D:1)
  2 ball pythons (Sewer)
  3 bats (Sewer)
  4 endoplasms
  2 giant cockroaches (D:2)
  2 goblins (D:1)
  2 hobgoblins
  11 kobolds
  A quokka (D:3)
  3 frilled lizards
  4 rats
38 creatures vanquished.

Vanquished Creatures (collateral kills)
  2 kobolds (Sewer)
2 creatures vanquished.

Vanquished Creatures (others)
  A plant (Sewer)
1 creature vanquished.

Grand Total: 41 creatures vanquished

Notes
Turn   | Place    | Note
-------+----------+-------------------------------------------
     0 | D:1      | AttackTheMoon the Merfolk Gladiator began the quest for the
                  | Orb.
     0 | D:1      | Reached XP level 1. HP: 16/16 MP: 1/1
   320 | D:1      | You fall into a shaft and drop 1 floor!
   328 | D:2      | Reached XP level 2. HP: 15/23 MP: 2/2
  1496 | D:2      | Found a faded altar of an unknown god.
  1533 | D:2      | Reached skill level 5 in Polearms
  1533 | D:2      | Reached XP level 3. HP: 24/28 MP: 3/3
  1955 | D:3      | Found a sacrificial altar of Ru.
  2106 | D:3      | Found a glowing drain.
  2123 | Sewer    | Entered a sewer
  2198 | Sewer    | Reached XP level 4. HP: 23/35 MP: 4/4
  2355 | Sewer    | Reached skill level 5 in Dodging
  2369 | Sewer    | Noticed a kobold brigand
  2380 | Sewer    | HP: 1/35 [kobold brigand (6)]
  2381 | Sewer    | Slain by a kobold brigand

Illustrated notes

Levels and vault maps discovered:
D:1:      eino_arrival_water_cross, layout_basic, serial_forest,
          infiniplex_forest_corner_1, infiniplex_forest_straight_2,
          infiniplex_forest_lined_4_way, infiniplex_forest_zigzag_2,
          infiniplex_forest_3_way, infiniplex_forest_straight_3, hex_medium,
          hangedman_decor_peaks_small, hangedman_decor_diamond_cutter,
          minmay_pentomino_r2
D:2:      layout_rooms, serial_co_window_serial, co_window_paths_b,
          co_window_paths_a, co_window_corner_a, co_window_corner_a,
          co_window_paths_a, co_window_corner_cb, co_window_unsneaky_path_e,
          co_window_unsneaky_path_b, co_window_cross_2,
          co_window_unsneaky_path_e, co_window_2corner, glass_columns_c,
          glass_columns_a, glass_columns_a, shapermc_ecumenical_altar_notcrosses
D:3:      layout_basic, lemuel_round_altar, nemelex_dance_club_becter,
          lemuel_tele_altar, cheibrodos_sewer_entry_bend
Sewer:    kennysheep_pipe_town

Skill      XL: |  1  2  3  4 |
---------------+-------------+-----
Polearms       | 5 |  5.4
Fighting       | 3 |  3.2
Dodging        | 5 |  5.0
Throwing       | |  2.0

Action                   |  1- 3 |  4- 6 || total
-------------------------+-------+-------++-------
Melee: Trident           |   129 |    20 ||   149
       Tailslap          |     3 |       ||     3
  Use: Scroll            |     4 |     1 ||     5
       Potion            |       |     3 ||     3
 Stab: Sleeping          |     2 |       ||     2
Armor: Leather armour    |    27 |     6 ||    33
Dodge: Dodged            |    64 |     9 ||    73

Table legend: (Time is in decaauts)
 A = Elapsed time spent in this place.
 B = Non-inter-level travel time spent in this place.
 C = Inter-level travel time spent in this place.
 D = Time resting spent in this place.
 E = Time spent auto-exploring this place.
 F = Levels seen in this place.
 G = Mean time per level.
                   A        B        C        D        E       F      G
               +--------+--------+--------+--------+--------+-----+--------+
         Total |   2378 |   2339 |     39 |     84 |   1797 |   4 |  594.5 |
       Dungeon |   2126 |   2087 |     39 |     84 |   1610 |   3 |  708.7 |
         Sewer |    251 |    251 |      0 |      0 |    187 |   1 |  251.0 |
               +--------+--------+--------+--------+--------+-----+--------+

Top non-repeatable levels by time:
     D:2: 977 daAuts
     D:1: 842 daAuts
     D:3: 306 daAuts
   Sewer: 251 daAuts
